 Dungeon Crawl Stone Soup version 0.29-a0-515-g7c1fb6cc08 (webtiles) character file.

Game seed: 6979936221265083027

5978 Morbidden the Cleaver (level 10, -9/86 HPs)
             Began as a Minotaur Fighter on May 30, 2022.
             Was a Believer of Cheibriados.
             Killed from afar by a steam dragon (16 damage)
             ... with a ball of steam
             ... on level 9 of the Dungeon.
             The game lasted 00:08:52 (8024 turns).

Morbidden the Cleaver (Minotaur Fighter)            Turns: 8024, Time: 00:08:52

Health: -9/86      AC: 11    Str: 29    XL:     10   Next: 55%
Magic:  12/12      EV: 12    Int: 10    God:    Cheibriados [**....]
Gold:   542        SH:  6    Dex: 16    Spells: 9/13 levels left

rFire   . . .      SeeInvis .   a - +0 war axe
rCold   . . .      Faith    .   c - +0 buckler
rNeg    . . .      Spirit   .   k - +0 scale mail
rPois   .          Reflect  .   (helmet restricted)
rElec   .          Harm     .   u - +0 cloak
rCorr   .          Rampage  .   (no gloves)
Will    .....                   s - +0 pair of boots
Stlth   ..........              n - amulet of regeneration
HPRegen 1.04/turn               (no ring)
MPRegen 0.13/turn               (no ring)

@: very slow
A: horns 2, retaliatory headbutt
a: Renounce Religion, Bend Time


You were on level 9 of the Dungeon.
You worshipped Cheibriados.
Cheibriados was pleased with you.
You visited 2 branches of the dungeon, and saw 10 of its levels.

You collected 542 gold pieces.

Inventory:

Hand Weapons
 a - a +0 war axe (weapon)
 b - a +0 morningstar
 y - a +1 broad axe of distortion
Missiles
 m - 5 javelins
 x - 6 boomerangs (quivered)
Armour
 c - a +0 buckler (worn)
 k - a +0 scale mail (worn)
 s - a +0 pair of boots (worn)
 u - a +0 cloak (worn)
Jewellery
 n - an amulet of regeneration (around neck)
Wands
 z - a wand of digging (3)
 A - a wand of flame (21)
 D - a wand of mindburst (14)
Scrolls
 g - a scroll of vulnerability
 h - 2 scrolls of blinking
 j - 2 scrolls of immolation
 o - 3 scrolls of identify
 q - a scroll of magic mapping {unknown}
 r - a scroll of teleportation
 w - 2 scrolls of summoning {unknown}
 B - a scroll of enchant weapon {unknown}
Potions
 d - a potion of might
 e - a potion of degeneration {unknown}
 f - a potion of brilliance
 i - 3 potions of curing
 l - 2 potions of heal wounds
 p - a potion of haste
 t - 2 potions of attraction {unknown}
 v - a potion of magic {unknown}
 C - a potion of ambrosia {unknown}


   Skills:
 * Level 7.6 Fighting
 * Level 11.9(12.1) Axes
 * Level 3.3(8.3) Maces & Flails
 + Level 1.5 Throwing
 + Level 8.3 Armour
 * Level 4.4 Dodging
 + Level 0.9 Stealth
 * Level 6.9 Shields
 * Level 2.4 Spellcasting
 * Level 3.7 Invocations


You had 9 spell levels left.
You knew the following spells:

 Your Spells              Type           Power      Damage    Failure   Level
a - Flame Wave            Conj/Fire      1%         2d4       100%        4

Your spell library contained the following spells:

 Spells                   Type           Power      Damage    Failure   Level
 Foxfire                  Conj/Fire      4%         2x1d4     56%         1
 Call Canine Familiar     Summ           1%         N/A       91%         3
 Conjure Flame            Conj/Fire      1%         6-21      91%         3
 Ignite Poison            Fire/Tmut/Pois 1%         N/A       91%         3
 Inner Flame              Hex/Fire       1%         N/A       91%         3
 Portal Projectile        Hex/Tloc       2%         N/A       91%         3
 Leda's Liquefaction      Hex/Erth       0%         N/A       100%        4
 Sticky Flame             Conj/Fire      1%         2d3       100%        4
 Lee's Rapid Deconstruct  Erth           0%         3d5*      100%        5
 Statue Form              Tmut/Erth      0%         N/A       100%        6


Dungeon Overview and Level Annotations

Branches:
Dungeon (9/15)             Temple (1/1) D:4
   Lair: D:8-11         Orc: D:9-12

Altars:
Ashenzari
Cheibriados
Dithmenos
Elyvilon
Fedhas
Gozag
Hepliaklqana
Kikubaaqudgha
Makhleb
Nemelex Xobeh
Okawaru
Qazlal
Ru
Sif Muna
Trog
Uskayaw
Vehumet
Wu Jian
Xom
Yredelemnul
Zin
The Shining One

Annotations:
D:6 1 runed translucent door, Crazy Yiuf


Innate Abilities, Weirdness & Mutations

You have a pair of horns on your head.
You reflexively headbutt those who attack you in melee.


Message History

Unknown command.
You barely miss the steam dragon.
The steam dragon is moderately wounded.
You hit the two-headed ogre.
You are engulfed in a cloud of scalding steam.
Unknown command.
You slash the steam dragon!
The steam dragon is severely wounded.
You slash the two-headed ogre!
You are engulfed in a cloud of scalding steam.
The two-headed ogre hits you with a +0 giant spiked club!
The two-headed ogre closely misses you. You block the steam dragon's attack.
The steam dragon claws you but does no damage.
Unknown command.
You hit the steam dragon. Your headbutt misses the steam dragon.
The steam dragon is almost dead.
You hit the two-headed ogre.
You are engulfed in a cloud of scalding steam.
The steam dragon barely misses you. x2
The two-headed ogre hits you with a +0 giant spiked club!!
The two-headed ogre hits you with a +0 giant club!
* * * LOW HITPOINT WARNING * * *
Unknown command.
You are too injured to fight recklessly!
Unknown command.
You are too injured to fight recklessly!
You slash the two-headed ogre!
Your headbutt misses the two-headed ogre.
The two-headed ogre is moderately wounded.
You closely miss the steam dragon. You block the steam dragon's attack. x2
Unknown command.
You slice the two-headed ogre!!
The two-headed ogre is severely wounded.
You hit the steam dragon but do no damage.
You block the two-headed ogre's attack.
The two-headed ogre hits you with a +0 giant club!!
* * * LOW HITPOINT WARNING * * *
The steam dragon breathes steam at you. The ball of steam hits you!
You die...

#.# .. .## #.# .
... . #.## . ... .
#... . ##. ..## .#
#### ..#..###..##.#
......#......#
#.....D...#
#....O@...# ###
.#......)..#....
......#..)...#
...#..###))##.##..#
.. ##.....## .#..#
#..#.......###.#..#
...........##.#..#
..#.....####.#..# .
##...## #.#..#


You could see a two-headed ogre and a steam dragon (catching breath).

Vanquished Creatures
  A two-headed ogre (D:8)
  Pikel (D:6)
  Maggie (D:6)
  5 yaks (D:8)
  Grum (D:8)
  2 steam dragons
  2 water moccasins
  An orc warrior (D:7)
  A sky beast (D:7)
  3 ogres
  An ice beast (D:5)
  3 black bears
  3 wolves (D:8)
  5 centaurs
  A lemure (D:6)
  2 kobold brigands
  3 bullfrogs
  A necrophage (D:8)
  3 scorpions
  5 wights (D:7)
  3 howler monkeys
  4 killer bees (D:9)
  4 jellies
  5 orc priests
  3 hounds
  3 iguanas
  4 orc wizards
  A hound skeleton (D:3)
  3 gnolls (D:3)
  10 adders
  3 white imps
  An ufetubus (D:6)
  An adder skeleton (D:3)
  4 worms
  A dart slug (D:4)
  26 orcs
  4 endoplasms
  2 giant cockroaches (D:1)
  10 goblins
  A hobgoblin (D:3)
  6 jackals (D:3)
  6 quokkas
  4 ball pythons
  4 bats
  4 frilled lizards
  13 kobolds
  A quokka zombie (D:3)
  5 rats
181 creatures vanquished.

Vanquished Creatures (others)
  4 withered plants (D:3)
4 creatures vanquished.

Grand Total: 185 creatures vanquished

Notes
Turn   | Place    | Note
-------+----------+-------------------------------------------
     0 | D:1      | Morbidden the Minotaur Fighter began the quest for the Orb.
     0 | D:1      | Reached XP level 1. HP: 19/19 MP: 0/0
   303 | D:1      | Reached XP level 2. HP: 27/27 MP: 1/1
  1076 | D:2      | Reached skill level 3 in Axes
  1076 | D:2      | Reached XP level 3. HP: 33/33 MP: 2/2
  1467 | D:2      | Reached XP level 4. HP: 40/40 MP: 3/3
  1597 | D:2      | Found a faded altar of an unknown god.
  1975 | D:3      | Reached skill level 4 in Axes
  2086 | D:3      | Reached XP level 5. HP: 37/46 MP: 4/4
  2918 | D:4      | Reached skill level 5 in Axes
  3044 | D:4      | Found a sparkling altar of Nemelex Xobeh.
  3044 | D:4      | Found a shimmering blue altar of Sif Muna.
  3044 | D:4      | Found a radiant altar of Vehumet.
  3044 | D:4      | Found a stormy altar of Qazlal.
  3049 | D:4      | Reached skill level 5 in Armour
  3049 | D:4      | Reached XP level 6. HP: 43/53 MP: 5/5
  3072 | D:4      | Found an ancient bone altar of Kikubaaqudgha.
  3077 | D:4      | Found a burning altar of Makhleb.
  3158 | D:4      | Reached skill level 1 in Dodging
  3213 | D:4      | Found a staircase to the Ecumenical Temple.
  3361 | Temple   | Entered the Ecumenical Temple
  3789 | D:4      | Reached skill level 6 in Axes
  3862 | D:5      | Entered Level 5 of the Dungeon
  3869 | D:5      | Reached skill level 5 in Fighting
  3871 | D:5      | Reached XP level 7. HP: 37/61 MP: 6/6
  4048 | D:5      | Reached skill level 5 in Shields
  4059 | D:5      | Reached skill level 7 in Axes
  4600 | D:5      | Reached skill level 8 in Axes
  4600 | D:5      | Reached XP level 8. HP: 69/69 MP: 7/7
  4740 | D:6      | Noticed Maggie
  4821 | D:6      | Found a basalt altar of Yredelemnul.
  4826 | D:6      | Found a snail-covered altar of Cheibriados.
  4827 | D:6      | Found a glowing golden altar of the Shining One.
  4828 | D:6      | Found a hide-covered altar of Uskayaw.
  4828 | D:6      | Found a glowing silver altar of Zin.
  4839 | D:6      | Became a worshipper of Cheibriados the Contemplative
  5132 | D:6      | Killed Maggie
  5133 | D:6      | Reached skill level 9 in Axes
  5133 | D:6      | Reached skill level 1 in Throwing
  5133 | D:6      | Reached skill level 1 in Invocations
  5216 | D:6      | Found a shimmering altar of Xom.
  5297 | D:6      | Reached skill level 1 in Spellcasting
  5297 | D:6      | Reached XP level 9. HP: 61/75 MP: 9/9
  5561 | D:6      | Noticed Pikel
  5582 | D:6      | Killed Pikel
  5790 | D:6      | Found a runed translucent door.
  5791 | D:6      | Noticed Crazy Yiuf
  5848 | D:7      | Reached skill level 10 in Axes
  5944 | D:7      | Reached * piety under Cheibriados
  5959 | D:7      | Reached skill level 1 in Maces & Flails
  6592 | D:8      | Noticed Grum
  6669 | D:8      | Noticed a two-headed ogre
  6683 | D:8      | Killed a two-headed ogre
  6684 | D:8      | Reached skill level 11 in Axes
  6684 | D:8      | Reached XP level 10. HP: 64/86 MP: 10/12
  6716 | D:8      | Found a white marble altar of Elyvilon.
  7127 | D:8      | Reached ** piety under Cheibriados
  7311 | D:8      | Killed Grum
  7766 | D:8      | Learned a level 4 spell: Flame Wave
  8015 | D:9      | Noticed a two-headed ogre
  8024 | D:9      | Killed from afar by a steam dragon

Illustrated notes

Levels and vault maps discovered:
D:1:      lightli_arrival_windingriver, layout_loops_ring
D:2:      layout_basic, nicolae_ecumenical_lake_church
D:3:      layout_basic, serial_undead, serial_undead_b, serial_undead_f,
          serial_undead_c, serial_undead_a, minmay_misc_feat_roman,
          minmay_diced_spiral
D:4:      layout_loops_cross, minmay_overflow_temple_hex, temple_doors_e,
          corexii_corridor_pit
D:5:      layout_basic
D:6:      layout_rooms, minitemple, mainiacjoe_overflow_catwalk,
          uniq_crazy_yiuf_cottage, uniq_pikel, uniq_maggie
D:7:      layout_basic, kennysheep_generic_room_3
D:8:      layout_gridville, mainiacjoe_overflow_brackets, minmay_misc_feat_five,
          uniq_grum
D:9:      nicolae_cairo_tiling_large_dashed, layout_basic,
          gammafunk_ghost_spectres, minmay_misc_feat_cross
Temple:   compressed_dpeg_triangle_lava_temple

Skill      XL: |  1  2  3  4  5  6  7  8  9 10 |
---------------+-------------------------------+-----
Armour         | 4 5 6 7 8 |  8.3
Fighting       | 4 5 6 7 |  7.6
Axes           | 3 4 5 6 8 9 11 | 11.9
Shields        | 4 5 6 |  6.9
Dodging        | 1 2 3 4 |  4.4
Throwing       | 1 |  1.5
Invocations    | 1 3 |  3.7
Spellcasting   | 1 2 |  2.4
Maces & Flails | 2 3 |  3.3
Stealth        | |  0.9

Action                   |  1- 3 |  4- 6 |  7- 9 | 10-12 || total
-------------------------+-------+-------+-------+-------++-------
Melee: War axe           |    69 |   131 |   230 |    84 ||   514
       Headbutt          |     9 |    21 |    47 |    16 ||    93
Throw: Javelin           |       |       |    13 |       ||    13
  Use: Scroll            |       |       |     8 |       ||     8
       Potion            |       |       |     4 |       ||     4
Armor: Scale mail        |    24 |    62 |    98 |    30 ||   214
Dodge: Dodged            |    33 |    57 |   129 |    60 ||   279
Block: Buckler           |    33 |    49 |    58 |    29 ||   169
       Reflection        |     1 |       |       |       ||     1

Table legend: (Time is in decaauts)
 A = Elapsed time spent in this place.
 B = Non-inter-level travel time spent in this place.
 C = Inter-level travel time spent in this place.
 D = Time resting spent in this place.
 E = Time spent auto-exploring this place.
 F = Levels seen in this place.
 G = Mean time per level.
                   A        B        C        D        E       F      G
               +--------+--------+--------+--------+--------+-----+--------+
         Total |   8921 |   8408 |    513 |   1208 |   5751 |  10 |  892.1 |
       Dungeon |   8572 |   8072 |    500 |   1208 |   5423 |   9 |  952.4 |
        Temple |    348 |    335 |     13 |      0 |    328 |   1 |  348.0 |
               +--------+--------+--------+--------+--------+-----+--------+

Top non-repeatable levels by time:
     D:8: 1518 daAuts
     D:6: 1372 daAuts
     D:1: 1035 daAuts
     D:5: 921 daAuts
     D:3: 904 daAuts
     D:2: 840 daAuts
     D:7: 810 daAuts
     D:4: 803 daAuts
     D:9: 367 daAuts
  Temple: 348 daAuts
